AoeStats
← hongtinneli

Black Forest

506587335Analyzed
4v4 RM · 19d ago on Sep 14, 2026· 32m 3s· 8 players
Game mode
Random Map
Map size
Large (8 player)
Population
200
Speed
Normal
Resources
Standard
Victory
Conquest
Starting age
Dark Age
Ending age
Imperial Age
RankedLock teamsTeams togetherTeam positionsShared explorationLock speedFull tech treeHidden civsTurbo modeCheats
Victory
Defeat
🇨🇳 Teutons · China
1010
+11
🇨🇦 Armenians · Canada
1003
+11
🇦🇷 Sicilians · Argentina
957
+13
🇨🇿 Bohemians · Czechia
957
+13
🇻🇳 Vikings · Vietnam
907
-13
🇲🇽 Vietnamese · Mexico
887
-12
🇦🇷 Celts · Argentina
883
-32
🇵🇪 Teutons · Peru
871
-11
BuddyDudeMan
1:08 Loom
12:15 Feudal Age
16:16 Castle Age
14:10 Double-Bit Axe
15:09 Gold Mining
18:14 Gold Shaft Mining
18:04 Bow Saw
19:59 Sanctity
19:44 Scale Mail Armor
19:54 Forging
DESTINNI
10:42 Feudal Age
11:12 Double-Bit Axe
17:31 Castle Age
16:19 Loom
17:24 Horse Collar
19:52 Bow Saw
20:41 Heavy Plow
22:47 Scale Barding Armor
23:10 Fervor
23:30 Husbandry
23:44 Forging
24:41 Chain Barding Armor
130农在出兵
0:39 Loom
11:54 Feudal Age
13:23 Fletching
24:51 Castle Age
22:51 Double-Bit Axe
23:49 Horse Collar
26:44 Wheelbarrow
GodNeftis
0:47 Loom
Neto
0:43 Loom
15:47 Feudal Age
Reynaldo
0:37 Loom
18:00 Feudal Age
18:28 Horse Collar
18:38 Double-Bit Axe
20:09 Wheelbarrow
21:38 Town Watch
22:58 Man-at-Arms
JOY BOY
0:39 Loom
12:03 Feudal Age
12:30 Double-Bit Axe
18:18 Castle Age
17:52 Forging
17:51 Man-at-Arms
18:18 Arson
19:12 Long Swordsman
23:49 Scale Mail Armor
28:13 Wheelbarrow
28:27 Gambesons
28:43 Squires
hongtinneli
4:51 Loom
11:57 Feudal Age
18:53 Castle Age
17:26 Horse Collar
17:34 Double-Bit Axe
17:44 Stone Mining
17:47 Gold Mining
24:48 Squires
25:46 Scale Mail Armor
28:07 Chain Mail Armor
27:27 Pikeman
28:26 Forging
33:11 Imperial Age
32:41 Iron Casting
Connection lost

Rejoining the realm…

Still unreachable

The connection could not be restored.

Session expired

The server has moved on; the page needs a fresh start.